Map: Mist Opportunities

Players

ViS

  • Race: Zerg Zerg

Yuriprime

  • Race: Zerg Zerg
  • Spawn Location: 5:00

VOD

Have the link to the VOD?

Description

Time

  • Played on: Dec. 29, 2017, 7:36 a.m.
  • Length: 30:10
Show
View Real Time Build Order
Export as new Build Order

ViS Zerg 

Build Orders:  

Get SALT Encoding   

  18  0:03  Primal Drone  
  19  0:11  Primal Drone  
  20  0:20  Primal Drone  
  20  0:29  Extractor  
  21  0:51  Primal Warden  
  21  0:57  Primal Drone  
  23  1:02  Primal Drone  
  23  1:08  Primal Drone  
  25  1:14  Primal Drone  
  26  1:21  Primal Drone  
  27  1:45  Primal Drone  
  28  1:57  Primal Drone  
  29  2:01  Extractor  
  29  2:04  Glevig's Den  
  29  2:09  Primal Drone  
  29  2:31  Primal Drone  
  30  2:52  Primal Drone  
  31  3:06  Primal Drone  
  31  3:08  Primal Zergling x2  
  31  3:09  Primal Zergling x3  
  38  3:13  Primal Warden  
  38  3:16  Primal Drone  
  39  3:47  Primal Drone x2  
  41  3:56  Primal Zergling  
  41  3:57  Murvar's Den, Primal Zergling x2  
  43  4:06  Primal Drone  
  44  4:30  Primal Drone  
  45  4:49  Primal Drone x2  
  47  4:52  Primal Zergling  
  47  4:53  Primal Zergling x5  
  47  4:58  Primal Attacks Level 1  
  47  4:59  Primal Warden  
  54  5:13  Primal Drone  
  55  5:23  Primal Zergling  
  55  5:24  Primal Zergling x3  
  55  5:26  Primal Drone  
  60  5:45  Primal Drone  
  61  5:53  Primal Drone  
  61  5:55  Primal Zergling  
  61  5:58  Primal Zergling  
  64  6:01  Primal Zergling x2  
  66  6:14  Primal Zergling  
  66  6:15  Primal Zergling x3  
  44  7:11  Primal Zergling x2  
  44  7:12  Primal Zergling x6  
  44  7:13  Primal Zergling x3  
  55  7:41  Primal Zergling x6  
  61  7:55  Primal Drone x2  
  61  7:56  Primal Drone x2  
  65  8:01  Primal Zergling x3  
  65  8:06  Primal Warden  
  68  8:25  Primal Zergling x4  
  72  8:47  Primal Zergling x5  
  77  9:49  Primal Zergling x9  
  86  9:50  Primal Zergling x3  
  84  10:18  Primal Zergling x4  
  85  11:16  Primal Hive  
  85  11:22  Primal Reconstitution  
  85  11:26  Primal Attacks Level 2  
  85  11:29  Dakrun's Den  
  84  12:04  Primal Drone x3  
  84  12:05  Primal Drone x2  
  89  13:18  Primal Hydralisk  
  89  13:19  Primal Hydralisk x4  
  99  13:20  Primal Drone, Primal Hydralisk x3  
  99  13:21  Primal Drone x7  
  113  14:26  Primal Hydralisk x2  
  113  14:27  Primal Hydralisk x6  
  113  14:28  Primal Hydralisk  
  131  14:31  Primal Drone  
  132  14:41  Primal Hive, Primal Mutalisk x4  
  128  15:00  Extractor  
  128  15:01  Extractor  
  128  15:09  Primal Drone  
  129  15:10  Primal Drone  
  130  15:30  Primal Hydralisk x2  
  130  15:31  Primal Hydralisk  
  130  15:33  Primal Hydralisk  
  138  16:01  Primal Hydralisk  
  138  16:02  Primal Hydralisk x3  
  146  16:11  Slicing Glave  
  146  16:39  Primal Drone x6  
  152  16:40  Primal Drone x4  
  152  16:44  Primal Hydralisk x4  
  152  16:45  Primal Hydralisk  
  158  17:10  Primal Mutalisk  
  158  17:11  Primal Mutalisk x4  
  158  17:12  Primal Mutalisk x3  
  150  17:25  Primal Mutalisk  
  150  17:26  Primal Mutalisk  
  148  17:34  Primal Mutalisk  
  147  18:04  Primal Drone x2  
  147  18:05  Primal Drone x6  
  147  18:06  Primal Drone x2  
  147  18:08  Primal Attacks Level 3  
  158  18:17  Primal Wurm  
  158  18:19  Primal Wurm x3  
  164  18:20  Primal Wurm  
  164  18:22  Primal Wurm  
  164  18:24  Primal Wurm  
  164  19:43  Primal Hydralisk x2  
  164  19:44  Primal Hydralisk x2  
  170  19:58  Primal Hydralisk x4  
  170  19:59  Primal Hydralisk x6  
  183  20:23  Primal Hydralisk  
  183  20:24  Primal Hydralisk x3  
  183  20:26  Primal Hydralisk x2  
  183  20:27  Primal Hydralisk x2  
  183  20:28  Primal Mutalisk x2  
  183  20:29  Primal Mutalisk x3  
  194  20:30  Primal Mutalisk  
  194  20:32  Primal Mutalisk  
  192  21:17  Primal Hydralisk x4  
  200  22:04  Primal Mutalisk x3  
  200  22:05  Primal Mutalisk  
  196  22:55  Primal Mutalisk x2  
  194  23:09  Primal Hydralisk x3  
  200  23:15  Shifting Carapace  
  200  23:16  Primal Carapace Level 1  
  200  24:37  Primal Mutalisk  
  194  27:23  Primal Hydralisk  
  194  27:25  Primal Hydralisk x2  
  191  29:05  Primal Mutalisk x2  
Show
View Real Time Build Order
Export as new Build Order

Yuriprime Zerg 

Build Orders:  

Get SALT Encoding   

  12  0:04  Drone  
  13  0:18  Overlord  
  13  0:25  Drone  
  14  0:43  Drone x3  
  14  0:49  Extractor  
  16  0:50  Drone  
  17  1:09  Roach Warren  
  16  1:13  Drone  
  17  1:24  Drone  
  17  1:25  Drone  
  19  1:31  Extractor  
  18  1:52  Drone x2  
  20  2:00  Lair  
  20  2:06  Drone  
  21  2:16  Overlord  
  21  2:22  Drone  
  22  2:55  Spire  
  21  3:07  Drone x3  
  21  3:08  Drone x2  
  26  3:24  Mutalisk  
  28  3:30  Overlord  
  28  3:44  Mutalisk  
  30  3:58  Mutalisk  
  30  3:59  Roach x2  
  34  4:17  Mutalisk  
  34  4:26  Mutalisk, Leviathan  
  34  4:28  Roach  
  38  4:45  Leviathan  
  38  4:54  Zerg Flyer Weapons Level 1  
  38  4:56  Overlord  
  38  5:19  Mutalisk  
  38  5:34  Roach x2  
  36  5:47  Leviathan  
  36  5:55  Roach  
  36  5:56  Roach  
  36  5:59  Roach  
  40  6:21  Brutalisk  
  40  6:46  Roach  
  40  7:08  Brutalisk  
  40  7:42  Roach  
  40  8:04  Brutalisk  
  40  8:22  Spine Crawler  
  40  8:23  Spine Crawler  
  40  8:24  Spine Crawler  
  40  8:25  Spine Crawler  
  40  8:26  Spine Crawler  
  40  8:27  Spine Crawler x2  
  40  8:29  Spine Crawler  
  32  8:30  Spine Crawler  
  32  8:32  Spine Crawler  
  30  8:41  Mutalisk  
  30  8:42  Mutalisk x7  
  30  8:45  Overlord  
  46  9:06  Spine Crawler  
  43  9:25  Mutalisk  
  43  9:26  Mutalisk x2  
  43  9:44  Overlord x2  
  43  9:45  Overlord  
  41  11:18  Drone  
  41  11:19  Drone x8  
  50  12:09  Extractor  
  49  12:10  Hatchery  
  49  12:15  Extractor  
  47  12:24  Drone  
  47  12:25  Drone x6  
  54  12:48  Drone  
  54  12:49  Drone x2  
  57  13:25  Drone x4  
  57  13:26  Drone x4  
  65  14:16  Drone  
  65  14:17  Drone x10  
  76  14:44  Infestation Pit  
  76  14:47  Overlord x2  
  76  14:48  Overlord  
  75  14:51  Vicious Glave  
  75  15:22  Evolution Chamber  
  74  15:45  Rapid Regeneration  
  74  15:54  Mutalisk  
  74  15:55  Mutalisk x11  
  74  15:56  Mutalisk  
  100  16:09  Hive  
  100  16:12  Zerg Missile Weapons Level 1  
  100  16:46  Mutalisk  
  100  16:47  Mutalisk x3  
  100  16:49  Overlord x2  
  108  16:50  Overlord  
  108  17:15  Mutalisk x4  
  108  17:17  Overlord x2  
  116  17:55  Mutalisk x3  
  116  17:57  Overlord  
  116  17:58  Overlord x4  
  122  18:24  Sundering Glave  
  122  19:25  Roach x2  
  124  19:36  Zerg Flyer Weapons Level 2  
  124  20:10  Zerg Missile Weapons Level 2  
  124  20:15  Mutalisk x4  
  124  20:16  Mutalisk  
  124  20:17  Overlord  
  124  20:18  Overlord x5  
  124  21:56  Zerg Flyer Weapons Level 3  
  124  22:05  Zerg Missile Weapons Level 3  
  124  22:25  Roach  
  124  22:47  Brutalisk  
  124  23:03  Mutalisk  
  124  23:04  Mutalisk x5  
  136  23:50  Overseer  
  136  23:52  Mutalisk  
  136  23:53  Mutalisk x2  
  142  24:08  Zerg Flyer Armor Level 1  
  142  24:16  Zerg Ground Armor Level 1  
  142  25:47  Mutalisk x3  
  142  25:48  Mutalisk x5  
  142  25:49  Mutalisk  
  160  27:09  Mutalisk x6  
  172  27:28  Mutalisk  
  174  28:45  Mutalisk x2  
  174  28:46  Mutalisk x4  
Tags
 
Add a new tag
Caveats
  • Supply blocks, unpowered buildings, or Contaminate may cause inaccurate times.
  • Supply counts are checked every 10 seconds.